[Event "7th Summer Cup 2024"]
[Site "Rhodes"]
[Date "2024.06.26"]
[Round "5.1"]
[White "Papasimakopoulos, Alexandros"]
[Black "Kotronias, Vasilios"]
[Result "0-1"]
[ECO "A48"]
[WhiteElo "2375"]
[BlackElo "2415"]
[Annotator "RC"]
[PlyCount "122"]
[EventDate "2024.06.21"]
[EventType "swiss"]
[EventCountry "GRE"]
[SourceTitle "playchess.com"]
[Source "ChessBase"]
[SourceQuality "1"]
[TimeControl "40/5400+30:900+30"]

1. Nf3 Nf6 2. b3 g6 3. Bb2 Bg7 4. d4 d6 5. e3 c5 6. dxc5 Qa5+ 7. Nbd2 Qxc5 8. a3 Nbd7 9. c4 O-O 10. Be2 b6 11. b4 Qc7 12. O-O Bb7 13. Rc1 Rac8 14. Nd4 Qb8 15. Bf3 Ne5 16. Bxb7 Qxb7 17. Qe2 Nc6 18. h3 Rfd8 19. Nxc6 Qxc6 20. Rfd1 Ne4 21. Nf3 Bxb2 22. Qxb2 e5 23. Ne1 b5 24. f3 Ng3 25. c5 d5 26. Nd3 f6 27. f4 d4 28. exd4 exd4 29. Ne1 Qe6 30. Rc2 Qe3+ 31. Kh2 Nf1+ 32. Kh1 Qxf4 33. Kg1 Ne3 34. Rf2 Qe4 35. Qb3+ Kg7 36. Rdd2 a5 37. Qd3 Qxd3 38. Rxd3 axb4 39. axb4 Ra8 40. Nc2 Nxc2 41. Rxc2 Ra1+ 42. Kf2 Rb1 43. Ra3 Rxb4 44. Ra7+ Kh6 45. c6 d3 46. Rd2 Rc4 47. Rb7 Rxc6 48. Rxb5 Rd7 49. Ke3 Re6+ 50. Kf3 f5 51. g3 Kg5 52. Rb3 Red6 53. Rc3 Rd5 54. Rb3 Rd4 55. Rc3 Kf6 56. Rb3 g5 57. Ra3 h5 58. Rb3 h4 59. Rc3 g4+ 60. Kg2 Ke5 61. hxg4 Rxg4 0-1

[Event "7th Summer Cup 2024"]
[Site "Rhodes"]
[Date "2024.06.26"]
[Round "5.2"]
[White "Seres, Bela"]
[Black "Nasuta, Grzegorz"]
[Result "0-1"]
[ECO "A48"]
[WhiteElo "2126"]
[BlackElo "2541"]
[Annotator "TA"]
[PlyCount "82"]
[EventDate "2024.06.21"]
[EventType "swiss"]
[EventCountry "GRE"]
[SourceTitle "playchess.com"]
[Source "ChessBase"]
[SourceQuality "1"]
[TimeControl "40/5400+30:900+30"]

1. d4 Nf6 2. Nf3 g6 3. Bf4 Bg7 4. e3 d6 5. h3 c5 6. c3 b6 7. Nbd2 Bb7 8. Be2 O-O 9. O-O Nbd7 10. Bh2 a6 11. a4 Qc7 12. Qb3 Bc6 13. Qa3 Qb7 14. Rfb1 Ne4 {[%emt 0:06:39] Black has an edge.} 15. Bf1 Rfc8 16. b4 cxb4 17. cxb4 Ndf6 18. Rc1 b5 19. Nb3 {[%emt 0:02:11] [#] Na5 is the strong threat.} Bd7 {[%emt 0:05:24] White is now going downhill.} (19... bxa4 20. Na5 Qd7 21. Nxc6 Rxc6 22. Rxc6 Qxc6 23. Rc1 $11 (23. Qxa4 Qc3 $11)) 20. Na5 (20. Rxc8+ $142 Rxc8 21. axb5 Bxb5 (21... axb5 22. Nfd2 $15) 22. Bxb5 axb5 23. Nbd2) 20... Qd5 $17 21. axb5 Bxb5 22. Bd3 Bh6 23. Ne1 Qf5 24. Bxe4 Nxe4 25. f3 Nf6 $36 {[%emt 0:00:06][%mdl 2048] Black is really pushing. Black has more active pieces.} 26. Bg3 (26. Rd1 $17) 26... Qe6 27. Bf2 Nd5 28. f4 g5 29. fxg5 Bxg5 30. Nf3 Bxe3 {[%emt 0:00:01] A strong pair of Bishops.} 31. Re1 (31. Bxe3 Qxe3+ (31... Nxe3 $2 32. Ng5 $18) 32. Qxe3 Nxe3 33. Kf2) 31... Bxf2+ $19 32. Kxf2 Rc2+ 33. Kg1 Qg6 34. Nh4 Qg5 35. Qf3 Rac8 {[%emt 0:04:33][%cal Ob5d7] [#] Threatens to win with ...Bd7!} 36. Re4 $2 (36. Nf5 Bd7 (36... Nxb4 $2 {loses.} 37. Nxe7+ Kh8 38. Nxc8 $18) 37. Ne3 Nxe3 (37... Nxb4 38. Rab1 $17) 38. Rxe3) 36... Nf6 {[%emt 0:00:31] Black is clearly winning.} (36... Nxb4 $2 {is the wrong capture.} 37. Rg4 $18) 37. Nf5 Nxe4 38. Qxe4 Re2 39. Qg4 Qxg4 40. hxg4 Rcc2 41. Nh4 Re4 {[%emt 0:00:58][%csl LRd4,LRg4] Weighted Error Value: White=0.61/Black=0.39.  Mistake:       	White=4     	---        Inaccurate:     	White=3     	Black=2      OK:         	White=7     	Black=8      Best:        	White=1     	Black=2} 0-1

[Event "7th Summer Cup 2024"]
[Site "Rhodes"]
[Date "2024.06.26"]
[Round "5.3"]
[White "Budisavljevic, Luka"]
[Black "Gelle, Istvan"]
[Result "1-0"]
[ECO "B11"]
[WhiteElo "2468"]
[BlackElo "2163"]
[Annotator "RC"]
[PlyCount "73"]
[EventDate "2024.06.21"]
[EventType "swiss"]
[EventCountry "GRE"]
[SourceTitle "playchess.com"]
[Source "ChessBase"]
[SourceQuality "1"]
[TimeControl "40/5400+30:900+30"]

1. e4 c6 2. Nf3 d5 3. Nc3 dxe4 4. Nxe4 Nf6 5. Qe2 Nxe4 6. Qxe4 Be6 7. Be2 Bd5 8. Qe3 Nd7 9. O-O a6 10. b3 Qb6 11. d4 c5 12. Bb2 e6 13. dxc5 Bxc5 14. Qg5 Rg8 15. c4 Bc6 16. Bc3 h6 17. Qd2 a5 18. Nd4 Bb4 19. Bxb4 axb4 20. Nc2 Qa5 21. Rfd1 O-O-O 22. Nxb4 Nc5 23. Qe1 Ne4 24. Bf3 f5 25. Rxd8+ Rxd8 26. Nxc6 Qxe1+ 27. Rxe1 bxc6 28. Bxe4 fxe4 29. h4 Rd4 30. h5 Kd7 31. Kf1 Kd6 32. Ke2 Kc5 33. Rd1 e5 34. a3 e3 35. Rxd4 Kxd4 36. fxe3+ Kc3 37. a4 1-0

[Event "7th Summer Cup 2024"]
[Site "Rhodes"]
[Date "2024.06.26"]
[Round "5.4"]
[White "Rigopoulos-Tsigkos, Alexandros"]
[Black "Sibashvili, Giorgi"]
[Result "1/2-1/2"]
[ECO "B22"]
[WhiteElo "2039"]
[BlackElo "2423"]
[Annotator "RC"]
[PlyCount "92"]
[EventDate "2024.06.21"]
[EventType "swiss"]
[EventCountry "GRE"]
[SourceTitle "playchess.com"]
[Source "ChessBase"]
[SourceQuality "1"]
[TimeControl "40/5400+30:900+30"]

1. e4 c5 2. Nf3 Nc6 3. c3 Nf6 4. e5 Nd5 5. d4 cxd4 6. Bc4 Nb6 7. Bb3 d5 8. exd6 Qxd6 9. Nxd4 Nxd4 10. Qxd4 Qxd4 11. cxd4 g6 12. Nc3 Bg7 13. Be3 O-O 14. O-O Bf5 15. Rfd1 Rfd8 16. d5 Rdc8 17. Bd4 Nc4 18. Bxg7 Kxg7 19. Bxc4 Rxc4 20. Rd2 Rd8 21. Rad1 a6 22. f3 b5 23. Rd4 Rxd4 24. Rxd4 e5 25. Rd2 Rc8 26. a3 f6 27. Kf2 Bd7 28. Re2 a5 29. Ne4 Rc4 30. b3 Rd4 31. Rd2 Rxd2+ 32. Nxd2 Kf7 33. b4 axb4 34. axb4 Ke7 35. Ke3 f5 36. Nb1 f4+ 37. Kf2 Bf5 38. Nc3 Bd3 39. g3 Bc4 40. Ke1 h5 41. gxf4 exf4 42. h4 Kd6 43. Kf2 Ke5 44. Kg2 Kf5 45. Kf2 Ke5 46. Kg2 Kf5 1/2-1/2

[Event "7th Summer Cup 2024"]
[Site "Rhodes"]
[Date "2024.06.26"]
[Round "5.5"]
[White "Stefanova, Antoaneta"]
[Black "Ballas, Athanasios-panagioti"]
[Result "1-0"]
[ECO "E60"]
[WhiteElo "2417"]
[BlackElo "2151"]
[Annotator "RC"]
[PlyCount "65"]
[EventDate "2024.06.21"]
[EventType "swiss"]
[EventCountry "GRE"]
[SourceTitle "playchess.com"]
[Source "ChessBase"]
[SourceQuality "1"]
[TimeControl "40/5400+30:900+30"]

1. d4 Nf6 2. c4 g6 3. h4 Bg7 4. Nc3 d5 5. h5 Nxh5 6. cxd5 c6 7. e4 e5 8. dxe6 Bxe6 9. e5 Bd5 10. Nxd5 Qxd5 11. Be2 Bf8 12. Bf3 Qa5+ 13. Bd2 Qb6 14. Bxh5 gxh5 15. Bc3 Nd7 16. Qxh5 O-O-O 17. Qxf7 Bb4 18. Qb3 a5 19. Bxb4 axb4 20. Ne2 Qa6 21. Qxb4 Rhg8 22. g3 Rg4 23. Qa3 Qb5 24. Qb3 Qa6 25. Rxh7 c5 26. Rc1 Kb8 27. Qf3 Rg6 28. Rxd7 Rxd7 29. Qf8+ Kc7 30. Rxc5+ Rc6 31. e6 Rh7 32. e7 Rxc5 33. Qd8+ 1-0

[Event "7th Summer Cup 2024"]
[Site "Rhodes"]
[Date "2024.06.26"]
[Round "5.6"]
[White "Ghaith Saeed Alnuaimi"]
[Black "Ladopoulos, Dimitrios"]
[Result "0-1"]
[ECO "B07"]
[WhiteElo "1799"]
[BlackElo "2374"]
[Annotator "RC"]
[PlyCount "42"]
[EventDate "2024.06.21"]
[EventType "swiss"]
[EventCountry "GRE"]
[SourceTitle "playchess.com"]
[Source "ChessBase"]
[SourceQuality "1"]
[TimeControl "40/5400+30:900+30"]

1. e4 d6 2. d4 Nf6 3. Nc3 c6 4. f4 Qa5 5. Bd3 e5 6. dxe5 dxe5 7. Nf3 Nbd7 8. Qe2 Bd6 9. Bd2 Qc7 10. f5 Nc5 11. Rg1 a6 12. g4 b5 13. Nd1 Bb7 14. c3 Nxd3+ 15. Qxd3 O-O-O 16. Qc2 Nxe4 17. Qxe4 c5 18. Qe3 e4 19. Ng5 Bxh2 20. Nh3 Rd3 21. Qe2 Rxh3 0-1

[Event "7th Summer Cup 2024"]
[Site "Rhodes"]
[Date "2024.06.26"]
[Round "5.8"]
[White "Mickiewicz, Piotr"]
[Black "Sandalakis, Nikolaos"]
[Result "0-1"]
[ECO "A25"]
[WhiteElo "2257"]
[BlackElo "2229"]
[Annotator "RC"]
[PlyCount "80"]
[EventDate "2024.06.21"]
[EventType "swiss"]
[EventCountry "GRE"]
[SourceTitle "playchess.com"]
[Source "ChessBase"]
[SourceQuality "1"]
[TimeControl "40/5400+30:900+30"]

1. c4 e5 2. d3 Nc6 3. Nf3 Bb4+ 4. Nc3 f5 5. g3 Nf6 6. Bg2 O-O 7. O-O Bxc3 8. bxc3 d6 9. Rb1 Qe8 10. Nd2 f4 11. e3 Bg4 12. f3 Bc8 13. gxf4 exf4 14. e4 Ne5 15. d4 Ng6 16. c5 Nh4 17. Rf2 Nxg2 18. Kxg2 d5 19. Qe2 Qg6+ 20. Kh1 dxe4 21. Nxe4 Nxe4 22. fxe4 f3 23. Qc4+ Kh8 24. Be3 Qxe4 25. Re1 Bh3 26. Bd2 Qg4 27. Qd5 Bg2+ 28. Kg1 Bh3+ 29. Kh1 Qg2+ 30. Rxg2 fxg2+ 31. Qxg2 Bxg2+ 32. Kxg2 Rae8 33. Rxe8 Rxe8 34. Kf3 Kg8 35. Bf4 c6 36. c4 Kf7 37. d5 Re1 38. Bb8 a6 39. Bc7 Rc1 40. d6 Ke6 0-1